Match 41445150
Unlisted
Match 41445150
End
Kradschützen Motorcycle Team
Panzergrenadier Squad
Panzergrenadier Squad
Panzergrenadier Squad
Construct Light Support Kompanie
Selects Battlefield Espionage Battlegroup
Selects 250/3 Funkpanzerwagen
Fire Support Elements
Veteran Squad Leaders
2.5-tonne Medical Truck
Panzerjäger Mechanized Group
250/3 Funkpanzerwagen
Panzergrenadier Squad
Pak 38 Anti-tank Gun Team
Selects Advanced Ambush Training
Pak 38 Anti-tank Gun Team
Construct Panzerarmee Kommand
Armored Reserves
Selects Intel Disruption Beacon
Selects Plunder
Panzer IV Assault Group
Vehicle Survival Package
sw
Auxiliary Priest
Nałogowy
MarianPiwosz1978Polska
0
0
Comments sign in to comment!
No comments posted yet!